 Dungeon Sprint DCSS version 0.30-a0-335-ge5acde7520 (webtiles) character file.

Game seed: 6343878563022597883

448 mhtbhm the Protected (level 6, -3/62 HPs)
             Began as an Armataur Fighter on Oct 30, 2022.
             Was an Initiate of Gozag.
             Slain by a two-headed ogre
             ... wielding a +0 giant club
              (12 damage)
             ... in the Dungeon (Sprint IX: "|||||||||||||||||||||||||||||").
             The game lasted 00:00:42 (240 turns).

mhtbhm the Protected (Armataur Fighter)              Turns: 240, Time: 00:00:42

Health: -3/62      AC: 15    Str: 24    XL:     6   Next: 73%
Magic:  6/6        EV:  8    Int:  8    God:    Gozag
Gold:   0          SH:  5    Dex:  9    Spells: 5/5 levels left

rFire   . . .      SeeInvis .    a - +2 morningstar (vorpal)
rCold   . . .      Faith    .    c - +0 buckler
rNeg    . . .      Spirit   .    b - +1 chain mail
rPois   .          Reflect  .    (no helmet)
rElec   .          Harm     .    (no cloak)
rCorr   .          Roll     +    m - +0 pair of gloves
Will    .....      NoTele   +    (no barding)
Stlth   ..........               (no amulet)
HPRegen 0.30/turn                n - +2 ring of evasion
MPRegen 0.10/turn                o - +2 ring of protection

@: gold aura
A: large, rugged brown scales 3, deformed body, armoured tail, roll, long
tongue, awkward tongue
a: Renounce Religion, Potion Petition, Call Merchant, Bribe Branch


You were in the Dungeon.
You worshipped Gozag.
Gozag was noncommittal.
You visited 1 branch

Inventory:

Hand Weapons
 a - a +2 vorpal morningstar (weapon)
Armour
 b - a +1 chain mail (worn)
 c - a +0 buckler (worn)
 m - a +0 pair of gloves (worn)
Jewellery
 n - a +2 ring of evasion (left hand)
 o - a +2 ring of protection (right hand)
Wands
 l - a wand of light (9)
Scrolls
 j - 2 scrolls of blinking
 k - 2 scrolls of amnesia
Potions
 d - a potion of might
 e - 5 potions of curing
 f - 3 potions of heal wounds
 g - a potion of haste
 h - 4 potions of magic
 i - a potion of invisibility


   Skills:
 + Level 6.6 Fighting
 + Level 6.2 Maces & Flails
 + Level 10.6 Armour
 + Level 1.1 Dodging
 + Level 0.7 Stealth
 + Level 8.3 Shields


You had 5 spell levels left.
You didn't know any spells.
Your spell library was empty.

Dungeon Overview and Level Annotations

Branches:
Dungeon (1/1)

Altars:
Cheibriados
Dithmenos
Elyvilon
Fedhas
Gozag
Hepliaklqana
Kikubaaqudgha
Makhleb
Nemelex Xobeh
Okawaru
Qazlal
Ru
Sif Muna
Trog
Uskayaw
Vehumet
Wu Jian
Xom
Yredelemnul
Zin
The Shining One
Jiyva
Lugonu


Innate Abilities, Weirdness & Mutations

You are completely covered in rugged brown scales. (AC +3, +7% HP)
Armour fits poorly on your strangely shaped body.
You have a long armoured tail.
You roll when moving toward enemies. (Rampage)
Your long tongue fully drains potion bottles. (2x potion effects)
Your tongue gives you trouble enunciating. (1.5x scroll delay)


Message History

Your tail-slap misses the orc priest.
The orc priest is heavily wounded.
The orc priest hits you with a +0 dagger.
The orc priest hits you but does no damage.
Unknown command.
You hit the orc priest but do no damage.
The orc priest is heavily wounded.
The kobold brigand is no longer distracted by gold.
The orc priest calls down the wrath of Beogh upon you.
Pain shoots through your body!
You bludgeon the orc priest!!
You kill the orc priest!
Your Maces & Flails skill increases to level 6!
Your Shields skill increases to level 8!
Unknown command.
You sock the kobold brigand!
The kobold brigand is almost dead.
You block the kobold brigand's attack.
Unknown command.
You impale the kobold brigand!!
You kill the kobold brigand!
You block the two-headed ogre's attack.
The two-headed ogre hits you with a +0 giant spiked club!!
* * * LOW HITPOINT WARNING * * *
Unknown command.
You sock the two-headed ogre!
Your tail-slap misses the two-headed ogre.
The two-headed ogre is lightly wounded.
You puncture the two-headed ogre!
The two-headed ogre is moderately wounded.
The two-headed ogre closely misses you.
The two-headed ogre hits you with a +0 giant spiked club!
* * * LOW HITPOINT WARNING * * *
Unknown command.
You puncture the two-headed ogre!
You tail-slap the two-headed ogre, but do no damage.
The two-headed ogre is heavily wounded.
The two-headed ogre hits you with a +0 giant club!
You die...
Your body crumbles into a pile of gold.

▓.▓
$
▓.▓
$
▓)▓
$
▓.▓
$
▓[▓
▓[▓
$
▓.▓
▓.▓
$
▓@▓
▓O▓
$ $
▓O▓
▓.▓
$
▓.▓
$
▓.▓
$ $
▓.▓
$
▓.▓
$


You could see 2 two-headed ogres.

Vanquished Creatures
  A vampire mosquito (D)
  2 kobold brigands (D)
  A necrophage (D)
  An orc priest (D)
  A hound (D)
  An iguana (D)
  An orc wizard (D)
  A white imp (D)
  2 giant cockroaches (D)
  A goblin (D)
  2 rats (D)
14 creatures vanquished.

Notes
Turn   | Place    | Note
-------+----------+-------------------------------------------
     0 | D        | mhtbhm the Armataur Fighter began the quest for the Orb.
     0 | D        | Reached XP level 1. HP: 19/19 MP: 1/1
    11 | D        | Reached skill level 4 in Armour
    74 | D        | Noticed an orc wizard
    74 | D        | Noticed a necrophage
    74 | D        | Noticed a hound
    74 | D        | Noticed an iguana
    84 | D        | Killed an orc wizard
    85 | D        | Reached skill level 5 in Armour
    85 | D        | Reached XP level 2. HP: 27/27 MP: 2/2
    85 | D        | Reached XP level 3. HP: 33/33 MP: 3/3
    88 | D        | Killed a necrophage
    89 | D        | Reached skill level 7 in Armour
    89 | D        | Reached skill level 5 in Shields
    89 | D        | Reached XP level 4. HP: 43/43 MP: 4/4
   100 | D        | Reached skill level 5 in Fighting
   100 | D        | Reached skill level 8 in Armour
   100 | D        | Reached XP level 5. HP: 51/51 MP: 5/5
   137 | D        | Found a snail-covered altar of Cheibriados.
   137 | D        | Found a shadowy altar of Dithmenos.
   137 | D        | Found a white marble altar of Elyvilon.
   137 | D        | Found a blossoming altar of Fedhas.
   137 | D        | Found an opulent altar of Gozag.
   138 | D        | Found a hazy altar of Hepliaklqana.
   139 | D        | Found a viscous altar of Jiyva.
   140 | D        | Found an ancient bone altar of Kikubaaqudgha.
   141 | D        | Found a corrupted altar of Lugonu.
   142 | D        | Found a burning altar of Makhleb.
   143 | D        | Found a sparkling altar of Nemelex Xobeh.
   144 | D        | Found an iron altar of Okawaru.
   145 | D        | Found a stormy altar of Qazlal.
   146 | D        | Found a sacrificial altar of Ru.
   147 | D        | Found a shimmering blue altar of Sif Muna.
   148 | D        | Found a bloodstained altar of Trog.
   149 | D        | Found a hide-covered altar of Uskayaw.
   150 | D        | Found a radiant altar of Vehumet.
   151 | D        | Found an ornate altar of the Wu Jian Council.
   152 | D        | Found a shimmering altar of Xom.
   163 | D        | Became a worshipper of Gozag Ym Sagoz the Greedy
   172 | D        | Found a basalt altar of Yredelemnul.
   173 | D        | Found a glowing silver altar of Zin.
   174 | D        | Found a glowing golden altar of the Shining One.
   223 | D        | Noticed a vampire mosquito
   223 | D        | Noticed a two-headed ogre
   223 | D        | Noticed a two-headed ogre
   227 | D        | Reached skill level 9 in Armour
   231 | D        | Killed a vampire mosquito
   232 | D        | Reached skill level 5 in Maces & Flails
   232 | D        | Reached skill level 10 in Armour
   232 | D        | Reached skill level 1 in Dodging
   232 | D        | Reached XP level 6. HP: 41/62 MP: 6/6
   240 | D        | Slain by a two-headed ogre

Illustrated notes

Levels and vault maps discovered:
D:        linesprint [early_d, line_temple, items_1, d_10, items_2, lair_1,
          lair_end, items_3, orc_1, orc_end, items_4, d_15, swamp_1, shoals_1,
          snake_1, spider_1, d_20, vaults_1, items_5, swamp_end, shoals_end,
          snake_end, spider_end, vaults_end, d_27, items_6, zot_1, zot_end,
          crypt_end, forest_end, elf_end, slime_end, tomb_end, abyss_end,
          pan_hell_end]

Skill      XL: |  1  2  3  4  5  6 |
---------------+-------------------+-----
Fighting       | 3 4 5 6 |  6.6
Armour         | 5 7 8 10 | 10.6
Maces & Flails | 2 3 4 5 6 |  6.2
Shields        | 4 5 6 7 8 |  8.3
Dodging        | 1 |  1.1
Stealth        | |  0.7

Action                   |  1- 3 |  4- 6 || total
-------------------------+-------+-------++-------
Melee: Flail             |    27 |    11 ||    38
       Morningstar       |       |    16 ||    16
       Tailslap          |       |     1 ||     1
Evoke: Wand              |       |     1 ||     1
  Use: Potion            |     1 |       ||     1
 Stab: Invisible         |       |     1 ||     1
Armor: Scale mail        |    14 |     2 ||    16
       Chain mail        |       |     8 ||     8
Dodge: Dodged            |     7 |     3 ||    10
Block: Buckler           |     1 |     8 ||     9

Table legend: (Time is in decaauts)
 A = Elapsed time spent in this place.
 B = Non-inter-level travel time spent in this place.
 C = Inter-level travel time spent in this place.
 D = Time resting spent in this place.
 E = Time spent auto-exploring this place.
 F = Levels seen in this place.
 G = Mean time per level.
                   A        B        C        D        E       F      G
               +--------+--------+--------+--------+--------+-----+--------+
         Total |    253 |    253 |      0 |     78 |      3 |   1 |  253.0 |
       Dungeon |    253 |    253 |      0 |     78 |      3 |   1 |  253.0 |
               +--------+--------+--------+--------+--------+-----+--------+

Top non-repeatable levels by time:
       D: 253 daAuts
